 Dungeon Sprint DCSS version 0.28.0-1-gb440e238dd (webtiles) character file.

Game seed: 2600430496803021703

11282 boopmooplesden the Fencer (level 11, 0/181 HPs)
             Began as a Minotaur Berserker on Feb 26, 2022.
             Was the Champion of Trog.
             Slain by a black bear (6 damage)
             ... in the Dungeon (Sprint II: "The Violet Keep of Menkaure").
             The game lasted 00:05:57 (1631 turns).

boopmooplesden the Fencer (Minotaur Berserker)      Turns: 1631, Time: 00:05:58

Health: 0/181      AC: 18    Str: 22    XL:     11   Next: 47%
Magic:  10/10      EV: 12    Int:  2    God:    Trog [******]
Gold:   327        SH:  0    Dex: 12    Spells: 10/10 levels left

rFire   . . .      SeeInvis +   y - +2 triple sword (vorpal)
rCold   . . .      Faith    .   (shield currently unavailable)
rNeg    . . .      Spirit   .   d - +0 chain mail "Siamuast" {Regen+}
rPois   +          Reflect  .   (helmet restricted)
rElec   .          Harm     .   j - scarf {shadows}
rCorr   .          Rampage  .   (no gloves)
Will    .....      NoTele   +   (no boots)
Stlth   ..........              (no amulet)
HPRegen 1.20/turn               x - ring "Qouhialy" {rPois AC+4 SInv}
MPRegen 0.12/turn               (no ring)

@: berserking (expiring), very quick
A: horns 2, retaliatory headbutt, dopey 1, screaming 1, weak 1, devolution 1
a: Renounce Religion, Berserk, Trog's Hand, Brothers in Arms


You were in the Dungeon.
You worshipped Trog.
Trog was exalted by your worship.
You visited 1 branch You collected 1464 gold pieces.
You spent 1137 gold pieces at shops.

Inventory:

Hand Weapons
 a - a +0 falchion
 i - a +2 vorpal scimitar
 k - a +4 great sword of flaming
 y - a +2 vorpal triple sword (weapon)
Armour
 b - a +0 animal skin
 d - the +0 chain mail "Siamuast" (worn) {Regen+}
   (You bought it in a shop in the Dungeon)

   Regen:     It increases your rate of health regeneration.
 j - a scarf of shadows (worn)
Jewellery
 x - the ring "Qouhialy" (left hand) {rPois AC+4 SInv}
   (You bought it in a shop in the Dungeon)

   [ring of protection]

   AC:        It affects your AC (+4).
   rPois:     It protects you from poison.
   SInv:      It lets you see invisible.
Scrolls
 h - a scroll of blinking
 l - 2 scrolls of amnesia {unknown}
 n - 2 scrolls of magic mapping {unknown}
 o - a scroll of holy word {unknown}
 q - a scroll of fog {unknown}
 s - a scroll of fear {unknown}
 t - 2 scrolls of identify {unknown}
 u - a scroll of acquirement {unknown}
 v - a scroll of enchant weapon {unknown}
 w - a scroll of torment {unknown}
Potions
 c - 4 potions of curing
 e - 2 potions of haste
 f - 5 potions of magic
 g - a potion of berserk rage
 m - 8 potions of flight {unknown}
 p - a potion of ambrosia {unknown}
 r - 4 potions of resistance {unknown}


   Skills:
 + Level 18.5 Fighting
 + Level 20.3 Long Blades
 + Level 17.1 Armour
 + Level 10.6 Dodging
 + Level 3.0 Stealth


You had 10 spell levels left.
You didn't know any spells.
Your spell library was empty.

Dungeon Overview and Level Annotations

Branches:
Dungeon (1/1)

Altars:
Cheibriados
Dithmenos
Elyvilon
Fedhas
Gozag
Hepliaklqana
Kikubaaqudgha
Makhleb
Nemelex Xobeh
Okawaru
Qazlal
Ru
Sif Muna
Trog
Uskayaw
Vehumet
Wu Jian
Xom
Yredelemnul
Zin
The Shining One
Beogh
Jiyva
Lugonu

Shops:
D :[!!?(===:(:*:[

Annotations:
D exclusion: oklob plant


Innate Abilities, Weirdness & Mutations

You have a pair of horns on your head.
You reflexively headbutt those who attack you in melee.
You are dopey. (Int -2)
You occasionally shout uncontrollably at your foes.
You are weak. (Str -2)
You have hidden genetic defects.


Message History

You slice the hell hog!!
The hell hog is severely wounded.
The hell hog misses you. You furiously retaliate!
You headbutt the hell hog! The hell hog bites you!
* * * LOW HITPOINT WARNING * * *
You carve the hell hog like the proverbial ham!!!
You kill the hell hog!
Trog accepts your kill. The hell hog bites you.
* * * LOW HITPOINT WARNING * * *
You carve the hell hog like the proverbial ham!!!
You kill the hell hog!
Trog accepts your kill.
Your Long Blades skill increases to level 20!
Your Armour skill increases to level 17!
Found 15 gold pieces.
The polar bear bites you.
* * * LOW HITPOINT WARNING * * *
The polar bear barely misses you.
The polar bear claws you but does no damage.
There is an open door, spattered with blood here.
You see here a hell hog corpse.
You slice the polar bear!! You headbutt the polar bear!
You kill the polar bear!
Trog accepts your kill.
The black bear bites you but does no damage.
The black bear claws you but does no damage.
The black bear barely misses you. The black bear misses you.
The black bear barely misses you.
The black bear claws you but does no damage.
You see here a polar bear corpse.
You slice the polar bear!!
The polar bear is severely wounded.
The black bear bites you but does no damage.
The black bear claws you.
* * * LOW HITPOINT WARNING * * *
The black bear closely misses you.
You slash the polar bear!
The polar bear is almost dead.
The black bear bites you.
You die...

########### #.$.$h@†).#
#$.(.hh#..####
#+######'##..#
#..'.##≈§§≈≈≈≈##
#..###≈≈≈§≈≈≈≈≈#
####..+≈≈≈≈≈≈≈§≈≈≈
#...####≈≈≈SS≈§≈≈
#.....≈##≈SSSSS
############≈≈#+++#+++##


You could see a polar bear and 2 black bears.

Vanquished Creatures
  A kraken (D)
  Kirke (D)
  A yaktaur captain (D)
  2 boulder beetles (D)
  A centaur warrior (D)
  2 hell hogs (D)
  A skeletal warrior (D)
  3 shining eyes (D)
  An elephant (D)
  A kobold demonologist (D)
  A yaktaur (D)
  A hornet (D)
  4 polar bears (D)
  2 slime creatures (D)
  4 neqoxecs (D)
  Menkaure (D)
  4 water moccasins (D)
  A black bear (D)
  A necrophage (D)
  5 scorpions (D)
  An iron imp (D)
  3 worms (D)
  4 tentacles (D)
46 creatures vanquished.

Vanquished Creatures (others)
  9 tentacles (D)
9 creatures vanquished.

Grand Total: 55 creatures vanquished

Notes
Turn   | Place    | Note
-------+----------+-------------------------------------------
     0 | D        | boopmooplesden the Minotaur Berserker began the quest for
                  | the Orb.
     0 | D        | Reached XP level 1. HP: 19/19 MP: 0/0
     1 | D        | Noticed a neqoxec
     1 | D        | Noticed a neqoxec
     4 | D        | Noticed a neqoxec
     8 | D        | Killed a neqoxec
     8 | D        | Noticed a neqoxec
     9 | D        | Reached skill level 8 in Long Blades
     9 | D        | Reached XP level 2. HP: 35/35 MP: 1/1
     9 | D        | Reached XP level 3. HP: 40/40 MP: 2/2
     9 | D        | Reached XP level 4. HP: 48/48 MP: 3/3
    13 | D        | Killed a neqoxec
    14 | D        | Reached skill level 10 in Fighting
    14 | D        | Reached skill level 10 in Long Blades
    14 | D        | Reached skill level 5 in Armour
    14 | D        | Reached XP level 5. HP: 58/58 MP: 4/4
    19 | D        | Killed a neqoxec
    19 | D        | Reached ** piety under Trog
    20 | D        | Reached skill level 11 in Long Blades
    20 | D        | Reached skill level 5 in Dodging
    20 | D        | Reached XP level 6. HP: 41/68 MP: 5/5
    32 | D        | Gained mutation: You have hidden genetic defects. [a
                  | neqoxec]
    34 | D        | Gained mutation: You are weak. (Str -2) [a neqoxec]
    35 | D        | Killed a neqoxec
    38 | D        | Gained mutation: You are dopey. (Int -2) [hidden defects]
   271 | D        | Reached XP level 7. HP: 62/75 MP: 6/6
   271 | D        | Reached *** piety under Trog
   293 | D        | Reached skill level 12 in Long Blades
   302 | D        | Gained mutation: You occasionally shout uncontrollably at
                  | your foes. [hidden defects]
   302 | D        | Lost mutation: You have hidden genetic defects. [hidden
                  | defects expressed]
   445 | D        | Noticed a boulder beetle
   445 | D        | Noticed a boulder beetle
   460 | D        | Reached **** piety under Trog
   461 | D        | Reached skill level 13 in Long Blades
   467 | D        | Found Biuresy's Antique Armour Shop.
   468 | D        | Found Zucaup's Book Boutique.
   468 | D        | Found Tetsue's Antique Weapon Shop.
   468 | D        | Found Sefer's Weapon Boutique.
   468 | D        | Found Epto Piri's Jewellery Boutique.
   468 | D        | Found Dutuv's Magic Scroll Shop.
   468 | D        | Found Taxzyobb's Jewellery Shop.
   468 | D        | Found Zousus's Distillery.
   468 | D        | Found Neasinto's General Store.
   468 | D        | Found Helook's Jewellery Boutique.
   469 | D        | Found Fouffaire's Book Boutique.
   469 | D        | Found Rowisehi's Book Shop.
   469 | D        | Found Gaycziam's Distillery.
   469 | D        | Found Zeoces's Antique Armour Boutique.
   469 | D        | Noticed Menkaure
   469 | D        | Noticed a wyvern
   469 | D        | Noticed a wyvern
   482 | D        | Killed Menkaure
   485 | D        | Noticed an oklob plant
   485 | D        | Noticed a wyvern
   486 | D        | Found Omeared's Book Shoppe.
   487 | D        | Bought an ancient chain mail for 247 gold pieces
   487 | D        | Identified the +0 chain mail "Siamuast" {Regen+} (You
                  | bought it in a shop in the Dungeon)
   499 | D        | Noticed a great orb of eyes
   501 | D        | Bought a runed scimitar for 168 gold pieces
   522 | D        | Bought a glowing scarf for 208 gold pieces
   536 | D        | Reached XP level 8. HP: 49/86 MP: 7/7
   698 | D        | Found an iron altar of Okawaru.
   698 | D        | Found an opulent altar of Gozag.
   699 | D        | Found a sparkling altar of Nemelex Xobeh.
   699 | D        | Found a blossoming altar of Fedhas.
   700 | D        | Found a radiant altar of Vehumet.
   700 | D        | Found a burning altar of Makhleb.
   700 | D        | Found a white marble altar of Elyvilon.
   701 | D        | Found a hide-covered altar of Uskayaw.
   701 | D        | Found a corrupted altar of Lugonu.
   702 | D        | Found a glowing silver altar of Zin.
   702 | D        | Found a bloodstained altar of Trog.
   702 | D        | Found an ancient bone altar of Kikubaaqudgha.
   703 | D        | Found a basalt altar of Yredelemnul.
   703 | D        | Found a shimmering blue altar of Sif Muna.
   705 | D        | Found a shimmering altar of Xom.
   705 | D        | Found a sacrificial altar of Ru.
   705 | D        | Noticed a polar bear
   705 | D        | Noticed a polar bear
   707 | D        | Noticed a yaktaur
   708 | D        | Killed a polar bear
   708 | D        | Reached ***** piety under Trog
   709 | D        | Reached skill level 14 in Long Blades
   709 | D        | Found a glowing golden altar of the Shining One.
   709 | D        | Found an ornate altar of the Wu Jian Council.
   709 | D        | Noticed a hornet
   712 | D        | Killed a polar bear
   713 | D        | Reached skill level 1 in Stealth
   713 | D        | Noticed a polar bear
   717 | D        | Killed a hornet
   723 | D        | Killed a polar bear
   723 | D        | Received a gift from Trog
   724 | D        | Reached skill level 15 in Long Blades
   724 | D        | Killed a yaktaur
   725 | D        | Reached XP level 9. HP: 63/96 MP: 8/8
   732 | D        | Found a shadowy altar of Dithmenos.
   732 | D        | Found a viscous altar of Jiyva.
   733 | D        | Found a snail-covered altar of Cheibriados.
   733 | D        | Found a hazy altar of Hepliaklqana.
   768 | D        | Noticed a kraken
   914 | D        | Killed a kraken
   915 | D        | Reached skill level 15 in Fighting
   915 | D        | Reached skill level 16 in Long Blades
   915 | D        | Reached skill level 10 in Armour
   917 | D        | Found a stormy altar of Qazlal.
  1102 | D        | Killed a boulder beetle
  1103 | D        | Reached skill level 17 in Long Blades
  1103 | D        | Reached skill level 10 in Dodging
  1103 | D        | Reached XP level 10. HP: 98/107 MP: 9/9
  1206 | D        | Killed a boulder beetle
  1214 | D        | Bought the ring "Qouhialy" {rPois AC+4 SInv} for 514 gold
                  | pieces
  1240 | D        | Noticed a skeletal warrior
  1251 | D        | Killed a skeletal warrior
  1393 | D        | Noticed Kirke
  1393 | D        | Noticed a yaktaur captain
  1406 | D        | Killed a yaktaur captain
  1411 | D        | Killed Kirke
  1412 | D        | Reached skill level 18 in Long Blades
  1416 | D        | Noticed a centaur warrior
  1419 | D        | Killed a centaur warrior
  1420 | D        | Reached skill level 15 in Armour
  1423 | D        | Noticed an elephant
  1438 | D        | Killed an elephant
  1439 | D        | Reached XP level 11. HP: 83/117 MP: 10/10
  1449 | D        | Reached ****** piety under Trog
  1524 | D        | Received a gift from Trog
  1533 | D        | Reached skill level 19 in Long Blades
  1598 | D        | Noticed a shining eye
  1598 | D        | Noticed a shining eye
  1598 | D        | Noticed a shining eye
  1602 | D        | Killed a shining eye
  1606 | D        | Killed a shining eye
  1608 | D        | Gained mutation: You have hidden genetic defects. [a
                  | shining eye]
  1610 | D        | Killed a shining eye
  1614 | D        | Noticed a hell hog
  1614 | D        | Noticed a hell hog
  1617 | D        | Received a gift from Trog
  1625 | D        | Killed a hell hog
  1625 | D        | HP: 4/178 [hell hog (5)]
  1626 | D        | Killed a hell hog
  1627 | D        | Reached skill level 20 in Long Blades
  1630 | D        | HP: 5/181 [black bear (1)]
  1631 | D        | Slain by a black bear

Illustrated notes

Levels and vault maps discovered:
D:        the_violet_keep_of_menkaure [sprint2_stairs_cluster_1,
          sprint2_shoproom, sprint2_temple, sprint2_basic_supplies,
          sprint2_obstacle_1, sprint2_obstacle_5, sprint2_obstacle_7,
          sprint2_obstacle_3, sprint2_obstacle_6, sprint2_timed_cluster_1,
          sprint2_smallroom_cluster_1, sprint2_smallroom_final_cluster_1,
          sprint2_transparent_cluster_1, sprint2_second_timed_cluster_1,
          sprint2_sniper_area_1, sprint2_heavy_combat_area_1,
          sprint2_mutation_trap_area_1, sprint2_forest_area_1,
          sprint2_light_combat_area_1, sprint2_behind_water_1,
          sprint2_near_end_vault_1]

Skill      XL: |  1  2  3  4  5  6  7  8  9 10 11 |
---------------+----------------------------------+-----
Fighting       | 8 10 11 13 14 16 17 18 | 18.5
Long Blades    | 8 10 11 13 15 17 18 20 | 20.3
Armour         | 4 5 6 8 11 15 17 | 17.1
Dodging        | 3 4 5 7 8 10 | 10.6
Stealth        | 1 2 3 |  3.0

Action                   |  1- 3 |  4- 6 |  7- 9 | 10-12 || total
-------------------------+-------+-------+-------+-------++-------
Melee: Falchion          |     6 |    27 |    25 |       ||    58
       Headbutt          |       |     5 |    17 |    24 ||    46
       Punch             |       |     2 |       |       ||     2
       Scimitar          |       |       |    56 |       ||    56
       Great sword       |       |       |     5 |    47 ||    52
       Triple sword      |       |       |       |    25 ||    25
Invok: Berserk           |     1 |       |     4 |     4 ||     9
  Use: Potion            |       |     1 |       |     1 ||     2
Armor: Animal skin       |     1 |     1 |     3 |       ||     5
       Chain mail        |       |       |    22 |    26 ||    48
Dodge: Dodged            |       |     7 |    40 |    31 ||    78
